 Dungeon Sprint DCSS version 0.19.4-12-gccf7e64 (webtiles) character file.

16705 equalderp2856 the Eviscerator (level 12, -4/52 HPs)
             Began as a Felid Fighter on Feb 27, 2017.
             Was the Champion of Hepliaklqana.
             Killed from afar by an ogre mage (40 damage)
             ... with a bolt of lightning
             ... in the Dungeon (Sprint VII: "The Pits").
             The game lasted 00:25:46 (6207 turns).

equalderp2856 the Eviscerator (Felid Fighter)       Turns: 6207, Time: 00:25:47

Health: -4/52      AC:  3    Str: 14    XL:     12   Next: 12%
Magic:  13/13      EV: 36    Int: 15    God:    Hepliaklqana [******]
Gold:   26         SH:  0    Dex: 16    Spells: 0 memorised, 11 levels left
                                        Lives:  0   Deaths: 2

rFire  . . .     SeeInvis +       - Unarmed
rCold  + . .     Gourm    .     (armour unavailable)
rNeg   . . .     Faith    .     (shield unavailable)
rPois  .         Spirit   .     (helmet unavailable)
rElec  .         Reflect  .     (cloak unavailable)
rCorr  .         Harm     .     (gloves unavailable)
MR     +....     NoTele   +     (boots unavailable)
Stlth  +++++++...               (no amulet)
                                n - +3 ring of evasion
                                m - +3 ring of intelligence

@: quick
A: no armour, no weapons or thrown items, stealth, reduced essence, claws 1,
fangs 3, see invisible, carnivore 3, speed 1, shaggy fur 3, slow metabolism 1,
sharp paws
a: Recall Ancestor, Ancestor Identity, Transference, Idealise, Renounce Religion


You were in the Dungeon.
You worshipped Hepliaklqana.
Hepliaklqana was exalted by your worship.
You were not hungry.

You visited 1 branch You collected 26 gold pieces.

Inventory:

Jewellery
 m - a +3 ring of intelligence (left paw)
 n - a +3 ring of evasion (right paw)
 p - an uncursed ring of fire
 q - an uncursed ring of magical power
Scrolls
 j - 3 scrolls of remove curse
 k - 5 scrolls of amnesia
 l - a scroll of summoning
 o - 4 scrolls of identify
 s - 2 scrolls of recharging
 u - a scroll of fog
Potions
 c - 5 potions of curing
 d - 2 potions of heal wounds
 e - 6 potions of haste
 f - 4 potions of magic
 i - 2 potions of invisibility
 v - a potion of cure mutation
 w - a potion of brilliance
Miscellaneous
 r - a lamp of fire
Comestibles
 b - 7 meat rations


   Skills:
 + Level 10.0 Fighting
 + Level 18.2 Dodging
 + Level 16.6 Stealth
 + Level 26.7 Unarmed Combat


You had 11 spell levels left.
You didn't know any spells.

Dungeon Overview and Level Annotations

Branches:
Dungeon (1/1)

Altars:
Ashenzari
Cheibriados
Dithmenos
Elyvilon
Fedhas
Gozag
Hepliaklqana
Kikubaaqudgha
Makhleb
Nemelex Xobeh
Okawaru
Qazlal
Ru
Sif Muna
Trog
Uskayaw
Vehumet
Xom
Yredelemnul
Zin
The Shining One
Beogh
Jiyva
Lugonu


Innate Abilities, Weirdness & Mutations

You cannot wear armour.
You are incapable of wielding weapons or throwing items.
Your paws allow you to move quietly. (Stealth)
You have sharp claws.
You have razor-sharp teeth.
You have supernaturally acute eyesight. (SInv)
You are carnivorous and can eat meat at any time.
You cover ground quickly.
Your thick and shaggy fur keeps you warm. (AC +3, rC+)
You have a slow metabolism.
Your sharp claws are effective at attacking unaware monsters.
Your life essence is reduced. (-10% HP)


Message History

Things that are here:
a battleaxe; a chain mail
Things that are here:
an enchanted bardiche; a chain mail You open the huge gate.
There is a huge open gate to the Grid Vault (Hard), spattered with blood here.
There is a huge open gate to the Grid Vault (Hard) here.
Things that are here:
an enchanted long sword; a chain mail; a shield
There is a huge open gate leading to the Armoury (Hard), spattered with blood here.
There is a huge open gate here.
There isn't anything here!
There isn't anything here!
There is a huge open gate here.
The ogre mage gestures wildly while chanting.
The ogre mage seems to speed up.
The ogre mage points at you and mumbles some strange words.
The bolt of lightning hits you!
Ouch! That really hurt!
You die...

.....))....)..O...# #Y.###
..................# #..#
#######''########## #..#
#######''########## #..#
.........O....##..# #..#
....#..#....).##..# #..#
..............''..# #..#
..............''..##########..#
....#..#......##@.)).)))Y.....#
.)............##...).....Y....#
#'#####''######################
.....##''# ##### ######## #######
.....##..###...###..'...# #......
.....##...##...##..##...###......
.<...###...##[##..###...')##.....
.....# ##..[.......##...#..###...
.....###..###'###...##'##...###..


You could see an ogre mage.

Vanquished Creatures
  A profane servitor (D)
  A sphinx (D)
  2 death cobs (D)
  A deep elf sorcerer (D)
  A vampire knight (D)
  2 yaktaur captains (D)
  2 vault guards (D)
  A naga warrior (D)
  3 death yaks (D)
  An ogre mage (D)
  A swamp dragon (D)
  A deep troll (D)
  A hill giant (D)
  13 orc knights (D)
  An orc sorcerer (D)
  3 deep elf magi (D)
  2 cyclopes (D)
  A rust devil (D)
  A gargoyle (D)
  Psyche (D)
  An ice devil (D)
  A guardian mummy (D)
  2 yaktaurs (D)
  A wandering mushroom (D)
  A red devil (D)
  A merfolk (D)
  A hornet (D)
  2 slime creatures (D)
  4 two-headed ogres (D)
  A snapping turtle (D)
  A spriggan (D)
  2 tarantellas (D)
  A redback (D)
  A wyvern (D)
  Sigmund (D)
  Eustachio (D)
  A steam dragon (D)
  A water moccasin (D)
  A floating eye (D)
  A swamp drake (D)
  3 ice beasts (D)
  A phantom (D)
  A sky beast (D)
  2 ogres (D)
  A black bear (D)
  A necrophage (D)
  Blork the orc (D)
  2 gnoll sergeants (D)
  A small abomination (D)
  2 killer bees (D)
  A quasit (D)
  2 gnoll shamans (D)
  A worker ant (D)
  A hell rat (D)
  15 gnolls (D)
  An adder (D)
  An ufetubus (D)
  A worm (D)
  4 jackals (D)
  A kobold (D)
  A quokka (D)
  A ball python (D)
  A bat (D)
  A leopard gecko zombie (D)
113 creatures vanquished.

Vanquished Creatures (collateral kills)
  A red draconian (D)
  A deep elf high priest (D)
  A gargoyle (D)
  A yaktaur (D)
  A tyrant leech (D)
  3 slime creatures (D)
  A hippogriff (D)
  A redback (D)
  A basilisk (D)
  A neqoxec (D)
  A mottled dragon (D)
  An ice beast (D)
  An ogre (D)
  2 killer bees (D)
  A mummy (D)
  An ufetubus (D)
  A quokka (D)
20 creatures vanquished.

Vanquished Creatures (others)
  23 battlemagi (D)
  3 ancestors (D)
26 creatures vanquished.

Grand Total: 159 creatures vanquished

Notes
Turn   | Place    | Note
-------+----------+-------------------------------------------
     0 | D        | equalderp2856 the Felid Fighter began the quest for the Orb.
     0 | D        | Reached XP level 1. HP: 10/10 MP: 2/2
    19 | D        | Found a radiant altar of Vehumet.
    19 | D        | Found a hide-covered altar of Uskayaw.
    19 | D        | Found an ancient bone altar of Kikubaaqudgha.
    19 | D        | Found a viscous altar of Jiyva.
    19 | D        | Found a hazy altar of Hepliaklqana.
    20 | D        | Found a bloodstained altar of Trog.
    20 | D        | Found a deep blue altar of Sif Muna.
    20 | D        | Found a sacrificial altar of Ru.
    20 | D        | Found a stormy altar of Qazlal.
    20 | D        | Found an iron altar of Okawaru.
    20 | D        | Found a sparkling altar of Nemelex Xobeh.
    20 | D        | Found an opulent altar of Gozag.
    20 | D        | Found a blossoming altar of Fedhas.
    20 | D        | Found a white marble altar of Elyvilon.
    20 | D        | Found a shadowy altar of Dithmenos.
    20 | D        | Found a snail-covered altar of Cheibriados.
    21 | D        | Found a glowing golden altar of the Shining One.
    21 | D        | Found a glowing silver altar of Zin.
    22 | D        | Found a burning altar of Makhleb.
    22 | D        | Found a basalt altar of Yredelemnul.
    22 | D        | Found a roughly hewn altar of Beogh.
    23 | D        | Found a corrupted altar of Lugonu.
    23 | D        | Found a shimmering altar of Xom.
    23 | D        | Found a shattered altar of Ashenzari.
    27 | D        | Became a worshipper of Hepliaklqana the Forgotten
   164 | D        | Reached * piety under Hepliaklqana
   170 | D        | Noticed a worker ant
   172 | D        | Reached skill level 5 in Unarmed Combat
   172 | D        | Reached XP level 2. HP: 13/13 MP: 3/3
   178 | D        | Reached skill level 5 in Dodging
   178 | D        | Reached skill level 1 in Stealth
   178 | D        | Reached skill level 6 in Unarmed Combat
   178 | D        | Reached XP level 3. HP: 16/16 MP: 4/4
   255 | D        | Noticed a phantom
   298 | D        | Killed a phantom
   298 | D        | Reached skill level 5 in Fighting
   298 | D        | Reached skill level 8 in Unarmed Combat
   298 | D        | Reached XP level 4. HP: 17/20 MP: 5/5
   351 | D        | Reached ** piety under Hepliaklqana
   351 | D        | Noticed Sigmund
   352 | D        | Noticed a floating eye
   369 | D        | Reached skill level 9 in Unarmed Combat
   369 | D        | Reached XP level 5. HP: 23/23 MP: 6/6
   376 | D        | Killed Sigmund
   376 | D        | Reached skill level 10 in Unarmed Combat
   376 | D        | Gained mutation: You are covered in thick fur. (AC +2) [Felid growth]
   376 | D        | Reached XP level 6. HP: 10/27 MP: 7/7
   384 | D        | Reached skill level 11 in Unarmed Combat
   386 | D        | Paralysed by a floating eye for 2 turns
   572 | D        | Killed a floating eye
   581 | D        | Reached skill level 12 in Unarmed Combat
   632 | D        | Reached XP level 7. HP: 28/31 MP: 8/8
   634 | D        | Remembered your ancestor Octavia as a battlemage
   645 | D        | Noticed a yaktaur
   647 | D        | Killed a yaktaur
   647 | D        | Reached skill level 13 in Unarmed Combat
   687 | D        | Reached skill level 5 in Stealth
   687 | D        | Reached skill level 14 in Unarmed Combat
   868 | D        | Reached skill level 10 in Dodging
   868 | D        | Reached XP level 8. HP: 36/36 MP: 9/9
  1007 | D        | Reached *** piety under Hepliaklqana
  1020 | D        | Noticed a hippogriff
  1026 | D        | Noticed an orc sorcerer
  1042 | D        | Killed a hippogriff
  1042 | D        | Reached skill level 15 in Unarmed Combat
  1396 | D        | Noticed an ice devil
  1396 | D        | Killed an orc sorcerer
  1396 | D        | Reached skill level 16 in Unarmed Combat
  1571 | D        | Reached **** piety under Hepliaklqana
  1645 | D        | Reached ***** piety under Hepliaklqana
  1709 | D        | Noticed a hill giant
  1723 | D        | Reached XP level 9. HP: 3/38 MP: 10/10
  1738 | D        | Killed a hill giant
  1818 | D        | Reached skill level 17 in Unarmed Combat
  2198 | D        | Noticed a deep troll
  2203 | D        | Killed a deep troll
  2216 | D        | Noticed a swamp dragon
  2221 | D        | Reached skill level 18 in Unarmed Combat
  2324 | D        | Killed a swamp dragon
  2324 | D        | Reached XP level 10. HP: 40/43 MP: 11/11
  2443 | D        | Noticed a cyclops
  2448 | D        | Killed a cyclops
  2448 | D        | Reached skill level 19 in Unarmed Combat
  2451 | D        | Noticed a cyclops
  2486 | D        | Killed a cyclops
  2503 | D        | Reached ****** piety under Hepliaklqana
  2503 | D        | Noticed a death cob
  2504 | D        | Noticed a deep elf mage
  2557 | D        | Noticed a gargoyle
  2563 | D        | Killed a gargoyle
  2584 | D        | Noticed a spriggan rider
  2664 | D        | Reached skill level 20 in Unarmed Combat
  2881 | D        | Noticed a deep elf mage
  2891 | D        | Killed a deep elf mage
  2891 | D        | Reached XP level 11. HP: 46/46 MP: 12/12
  2905 | D        | Noticed a death cob
  2907 | D        | Noticed Eustachio
  2995 | D        | Killed a death cob
  2995 | D        | Reached skill level 10 in Stealth
  2995 | D        | Reached skill level 21 in Unarmed Combat
  3000 | D        | Killed a deep elf mage
  3053 | D        | Noticed Blork the orc
  3053 | D        | Noticed Psyche
  3190 | D        | Noticed a deep elf mage
  3210 | D        | Killed Psyche
  3212 | D        | Killed Blork the orc
  3235 | D        | Reached skill level 22 in Unarmed Combat
  3250 | D        | Killed a deep elf mage
  3250 | D        | Reached skill level 15 in Dodging
  3571 | D        | Killed a death cob
  3575 | D        | Killed Eustachio
  3581 | D        | Noticed a vampire knight
  3586 | D        | Killed a vampire knight
  3591 | D        | Reached skill level 23 in Unarmed Combat
  3591 | D        | Gained mutation: Your thick and shaggy fur keeps you warm. (AC +3, rC+) [Felid growth]
  3591 | D        | Reached XP level 12. HP: 35/51 MP: 13/13
  3683 | D        | Noticed a profane servitor
  3684 | D        | Noticed a deep elf high priest
  3724 | D        | Killed a profane servitor
  3801 | D        | Killed a deep elf high priest
  4055 | D        | Noticed a deep elf sorcerer
  4062 | D        | Killed a deep elf sorcerer
  4062 | D        | Reached skill level 24 in Unarmed Combat
  4096 | D        | Noticed a sphinx
  4099 | D        | Noticed an ogre mage
  4134 | D        | Killed a sphinx
  4171 | D        | Noticed an ancient lich
  4205 | D        | Paralysed by an ancient lich for 7 turns
  4208 | D        | Mangled by an ancient lich
  4209 | D        | Reached XP level 11. HP: -6/47 MP: 12/12
  4216 | D        | Noticed an orc knight
  4218 | D        | Killed an orc knight
  4219 | D        | Noticed a yaktaur captain
  4221 | D        | Noticed a yaktaur captain
  4222 | D        | Noticed a red draconian
  4222 | D        | Noticed a vault guard
  4236 | D        | Killed a red draconian
  4246 | D        | Noticed an orc knight
  4248 | D        | Killed a yaktaur captain
  4249 | D        | Noticed an orc knight
  4257 | D        | Killed a vault guard
  4265 | D        | Killed a yaktaur captain
  4265 | D        | Reached skill level 15 in Stealth
  4265 | D        | Reached skill level 25 in Unarmed Combat
  4265 | D        | Reached XP level 12. HP: 35/51 MP: 13/13
  4325 | D        | Noticed an ogre mage
  4331 | D        | Killed an ogre mage
  4693 | D        | Reached skill level 26 in Unarmed Combat
  4730 | D        | Noticed an orc warlord
  4742 | D        | Noticed an orc warlord
  4743 | D        | Noticed a naga warrior
  4744 | D        | Noticed a death yak
  4744 | D        | Noticed a death yak
  4744 | D        | Noticed a death yak
  4751 | D        | Noticed an emperor scorpion
  4752 | D        | Noticed a vault guard
  4754 | D        | Noticed a death knight
  4761 | D        | HP: 2/52 [orc warlord/long sword of freezing (7)]
  4763 | D        | Annihilated by an orc warlord
  4764 | D        | Reached XP level 11. HP: -45/48 MP: 12/12
  4972 | D        | Killed a vault guard
  5406 | D        | Killed an orc knight
  5460 | D        | Killed an orc knight
  5803 | D        | Killed an orc knight
  5851 | D        | Killed a naga warrior
  6105 | D        | Killed a death yak
  6105 | D        | Reached XP level 12. HP: 52/52 MP: 13/13
  6167 | D        | Noticed an ogre mage
  6169 | D        | Killed a death yak
  6169 | D        | Reached skill level 10 in Fighting
  6176 | D        | Killed a death yak
  6207 | D        | Killed from afar by an ogre mage

Skill      XL: |  1  2  3  4  5  6  7  8  9 10 11 12 |
---------------+-------------------------------------+-----
Unarmed Combat | 5 6 8 9 10 12 14 16 18 20 25 26 | 26.7
Fighting       | 4 5 6 7 8 9 10 | 10.0
Dodging        | 5 6 7 9 10 11 12 13 18 16 | 18.2
Stealth        | 1 2 3 4 5 6 7 9 15 16 | 16.6

Action                   |  1- 3 |  4- 6 |  7- 9 | 10-12 || total
-------------------------+-------+-------+-------+-------++-------
Melee: Unarmed           |    44 |    36 |    78 |   302 ||   460
       Bite              |     3 |     4 |     7 |    37 ||    51
       Punch             |     1 |     2 |     8 |    33 ||    44
Invok: Ancestor Life: Ba |       |       |     1 |       ||     1
       Ancestor Identity |       |       |     1 |       ||     1
  Use: Potion            |       |     1 |     3 |    21 ||    25
       Scroll            |       |       |       |     2 ||     2
 Stab: Sleeping          |     2 |       |     2 |     6 ||    10
       Distracted        |       |       |       |     7 ||     7
  Eat: Chunk             |     2 |       |     1 |       ||     3
       Meat ration       |       |       |       |     1 ||     1
Armor: Skin              |     3 |       |       |     3 ||     6
Dodge: Dodged            |    48 |    21 |    53 |   224 ||   346
